Penguins vs Flyers

Created - October-12-12 at 18:30

Goals
1 2 3 T
Penguins 1 0 0 1
Flyers 2 0 0 2
Shots
1 2 3 T
Penguins 7 6 4 17
Flyers 10 10 11 31

1st period

1. Flyers , Philip Larsen 1 (John Madden, Brian Lee) at 7:24
2. Penguins , James Neal 1 (Ryan Suter, Brooks Orpik) at 10:22
3. Flyers , Niklas Hagman 1 (Brian Lee) at 18:27

Penalties :
Philip Larsen (PHI) for Roughing (Minor) at 2:27, Ryan Ellis (PHI) for Interference (Minor) at 5:01, Ryan Ellis (PHI) for High sticking (Minor) at 15:57

2nd period

No Goal

Penalties :
Dan Girardi (PIT) for Holding (Minor) at 1:14, Ladislav Smid (PHI) for Roughing (Minor) at 4:51

3rd period

No Goal

Penalties :
Brooks Orpik (PIT) for Roughing (Minor) at 3:05, Alexander Edler (PIT) for Charging (Minor) at 5:08, Kris Newbury (PIT) for Roughing (Minor) at 14:40, Dan Girardi (PIT) for High sticking (Minor) at 18:38

Goalie Stats

Marc-Andre Fleury (PIT), 29 saves from 31 shots - (0.935), L, 0-1-0, 60:00 minutes
Al Montoya (PHI), 16 saves from 17 shots - (0.941), W, 1-0-0, 60:00 minutes

Players Stats for Penguins

Player Name              G  A  P  +/- PIM S  H  SB GA TA FO     MP     PP MP  PK MP  
------------------------------------------------------------------------------------
Alexander Edler          0  0  0  -2  2   1  3  1  0  0  0/0    14:37   0:00   2:45 
Alexander Steen          0  0  0   0  0   0  0  0  0  0  1/3     8:37   0:00   3:19 
Blake Wheeler            0  0  0  -2  0   2  1  0  0  0  0/3    15:00   3:08   0:00 
Brooks Orpik             0  1  1   1  2   0  4  1  0  0  0/0    21:26   3:25   3:17 
Cory Emmerton            0  0  0  -2  0   0  0  0  0  0  6/13   11:52   0:00   0:00 
Dan Girardi              0  0  0   0  4   2  2  1  0  0  0/0    22:35   4:31   2:56 
Drew Stafford            0  0  0   0  0   0  0  0  0  0  0/0     6:58   0:00   1:40 
James Neal               1  0  1   1  0   4  1  2  0  0  5/13   22:49   4:14   5:53 
Jason Pominville         0  0  0   0  0   3  4  0  0  0  0/4    24:18   4:48   6:35 
Joe Pavelski             0  0  0   0  0   3  0  0  0  0  7/16   17:44   3:42   1:07 
Kris Letang              0  0  0   0  0   0  2  1  0  0  0/0    25:50   4:31   5:10 
Kris Newbury             0  0  0  -2  2   0  3  0  0  0  0/0    11:51   0:00   0:00 
Matt Moulson             0  0  0   0  0   2  0  0  0  0  1/3    16:37   3:42   0:00 
Nick Johnson             0  0  0   1  0   0  0  0  0  0  1/3    12:42   0:00   0:00 
Robert Bortuzzo          0  0  0   0  0   0  0  0  0  0  0/0     0:59   0:00   0:00 
Roman Josi               0  0  0  -2  0   0  0  1  0  0  0/0    11:53   0:00   0:00 
Ryan Callahan            0  0  0   1  0   0  4  0  0  0  9/18   22:14   4:14   0:00 
Ryan Suter               0  1  1   1  0   0  0  0  0  0  0/0    22:36   3:25   4:26 

Players Stats for Flyers

Player Name              G  A  P  +/- PIM S  H  SB GA TA FO     MP     PP MP  PK MP  
------------------------------------------------------------------------------------
Andreas Lilja            0  0  0   0  0   0  1  2  0  0  0/0     4:47   0:00   0:05 
Brian Lee                0  2  2   2  0   1  0  1  0  0  0/0    11:53   0:27   0:05 
Chris Pronger            0  0  0  -1  0   2  1  1  0  0  0/0    23:20   6:00   3:57 
David Steckel            0  0  0   0  0   2  3  0  0  0  14/22  17:43   3:26   0:00 
Dustin Penner            0  0  0   0  0   0  2  0  0  0  1/1     3:08   0:00   0:18 
Gabriel Bourque          0  0  0   0  0   3  2  0  0  0  0/0    20:07   3:26   2:58 
John Madden              0  1  1   2  0   0  1  0  0  0  5/12   13:48   0:00   0:00 
Justin Williams          0  0  0  -1  0   6  2  0  0  0  0/0    23:15   5:51   4:58 
Kevin Bieksa             0  0  0   0  0   0  4  2  0  0  0/0    13:21   0:00   0:00 
Kyle Brodziak            0  0  0  -1  0   5  5  0  0  0  24/34  25:47   5:51   4:40 
Kyle Okposo              0  0  0   0  0   3  0  0  0  0  1/3    20:07   3:26   2:58 
Ladislav Smid            0  0  0  -1  2   2  2  0  0  0  0/0    22:12   6:00   2:50 
Luke Schenn              0  0  0   0  0   0  1  1  0  0  0/0    20:32   3:17   3:54 
Marc-Andre Bergeron      0  0  0  -1  0   3  1  1  0  0  1/4    24:06   5:52   3:54 
Niklas Hagman            1  0  1   2  0   2  0  0  0  0  0/0    15:17   1:29   0:00 
Nikolai Kulemin          0  0  0   2  0   0  1  0  0  0  0/0    15:30   1:20   0:00 
Philip Larsen            1  0  1   2  2   2  0  0  0  0  0/0    12:27   0:00   1:07 
Ryan Ellis               0  0  0   0  4   0  1  0  0  0  0/0     4:40   0:00   0:00 

3 Stars

1 - Brian Lee (PHI)
2 - Niklas Hagman (PHI)
3 - James Neal (PIT)

Power Play

Penguins - 0 on 4 Attempt(s) - 0.00%
Flyers - 0 on 5 Attempt(s) - 0.00%

Penalty Kill

Penguins - 5 on 5 Attempt(s) - 100.00% - Score 0 goal in Penalty Kill
Flyers - 4 on 4 Attempt(s) - 100.00% - Score 0 goal in Penalty Kill

Official

Referees : Brad Watson and Eric Furlatt
Linesman : Ryan Galloway and Brad Kovachik

Game Notes

No Game Note

Finance

Level 1 -- Attendance: 6034 (92.83%) -- Ticket Income $573,230
Level 2 -- Attendance: 5000 (100.00%) -- Ticket Income $270,000
Level 3 -- Attendance: 3500 (100.00%) -- Ticket Income $122,500
Level 4 -- Attendance: 2904 (82.10%) -- Ticket Income $43,560
Luxury Box -- Attendance: 1000 (100.00%) -- Ticket Income $192,000
Game was played at the Wells Fargo Center
Total Attendance: 18438 (94.37%)
Total Ticket Income: $1,201,290
Other Income: $180,194
Total Income: $1,381,484


% Time on Ice - Penguins

Lines # - Real PCT - Wanted PCT - Time Play
Normal Forward
1 - 30% - 40% - 12:42
2 - 30% - 30% - 12:55
3 - 28% - 20% - 11:52
4 - 12% - 10% - 5:18
Normal Defense
1 - 35% - 40% - 15:10
2 - 34% - 30% - 14:45
3 - 28% - 20% - 11:53
4 - 2% - 10% - 0:59
PP Forward
1 - 53% - 60% - 4:14
2 - 47% - 40% - 3:42
PP Defense
1 - 57% - 60% - 4:31
2 - 43% - 40% - 3:25
PK Forward
1 - 100% - 60% - 9:17
2 - 0% - 40% - 0:00
PK Defense
1 - 52% - 60% - 4:51
2 - 48% - 40% - 4:26
PK3 Forward
1 - 0% - 60%
2 - 0% - 40%
PK3 Defense
1 - 0% - 60%
2 - 0% - 40%
44 Forward
1 - 0% - 60%
2 - 0% - 40%
44 Defense
1 - 0% - 60%
2 - 0% - 40%
Last Minute Offensive  - 0:00
Last Minute Defensive  - 0:00
Total
Forward - 60:00
Defense - 60:00

% Time on Ice - Flyers

Lines # - Real PCT - Wanted PCT - Time Play
Normal Forward
1 - 29% - 40% - 12:26
2 - 32% - 30% - 13:43
3 - 32% - 20% - 13:48
4 - 7% - 10% - 2:50
Normal Defense
1 - 31% - 40% - 13:23
2 - 31% - 30% - 13:21
3 - 27% - 20% - 11:21
4 - 11% - 10% - 4:42
PP Forward
1 - 63% - 60% - 5:51
2 - 37% - 40% - 3:26
PP Defense
1 - 65% - 60% - 6:00
2 - 35% - 40% - 3:17
PK Forward
1 - 63% - 60% - 4:58
2 - 37% - 40% - 2:58
PK Defense
1 - 51% - 60% - 4:02
2 - 49% - 40% - 3:54
PK3 Forward
1 - 0% - 60%
2 - 0% - 40%
PK3 Defense
1 - 0% - 60%
2 - 0% - 40%
44 Forward
1 - 0% - 60%
2 - 0% - 40%
44 Defense
1 - 0% - 60%
2 - 0% - 40%
Last Minute Offensive  - 0:00
Last Minute Defensive  - 0:00
Total
Forward - 60:00
Defense - 60:00

Play by Play

1st period


0:01 of 1st period - Kyle Brodziak wins face-off versus Nick Johnson in neutral zone.
0:01 of 1st period - Ladislav Smid is hit by Ryan Callahan and loses puck.
0:06 of 1st period - Shot by Kyle Brodziak.
0:06 of 1st period - Shot Misses the Net.
0:08 of 1st period - Shot by Ladislav Smid.
0:08 of 1st period - Shot Blocked by James Neal.
0:11 of 1st period - Kyle Brodziak is hit by Dan Girardi and loses puck.
0:23 of 1st period - Kris Letang is hit by Chris Pronger and loses puck.
0:34 of 1st period - Dan Girardi is hit by Kyle Brodziak and loses puck.
0:44 of 1st period - James Neal is hit by Ladislav Smid and loses puck.
0:54 of 1st period - Icing by Ladislav Smid.
0:55 of 1st period - Joe Pavelski wins face-off versus Kyle Brodziak in Flyers zone.
0:55 of 1st period - Jason Pominville is hit by Ladislav Smid and loses puck.
1:48 of 1st period - Shot by Gabriel Bourque.
1:48 of 1st period - Stopped by Marc-Andre Fleury without a rebound.
1:49 of 1st period - John Madden wins face-off versus Cory Emmerton in Penguins zone.
2:27 of 1st period - Minor Penalty to Philip Larsen for Roughing.
2:28 of 1st period - Kyle Brodziak wins face-off versus Ryan Callahan in Flyers zone.
2:58 of 1st period - Icing by Kris Letang.
2:59 of 1st period - Kyle Brodziak wins face-off versus Jason Pominville in Penguins zone.
3:13 of 1st period - Icing by Kris Letang.
3:14 of 1st period - James Neal wins face-off versus Kyle Okposo in Penguins zone.
4:54 of 1st period - Shot by Drew Stafford.
4:54 of 1st period - Shot Blocked by Andreas Lilja.
5:01 of 1st period - Minor Penalty to Ryan Ellis for Interference.
5:02 of 1st period - Kyle Brodziak wins face-off versus Ryan Callahan in Flyers zone.
5:23 of 1st period - Shot by James Neal.
5:23 of 1st period - Stopped by Al Montoya without a rebound.
5:24 of 1st period - Kyle Brodziak wins face-off versus Joe Pavelski in Flyers zone.
5:37 of 1st period - Shot by Matt Moulson.
5:37 of 1st period - Stopped by Al Montoya without a rebound.
5:38 of 1st period - Kyle Brodziak wins face-off versus Joe Pavelski in Flyers zone.
5:59 of 1st period - Shot by Kris Letang.
5:59 of 1st period - Shot Blocked by Marc-Andre Bergeron.
6:03 of 1st period - Shot by Joe Pavelski.
6:03 of 1st period - Shot Blocked by Luke Schenn.
6:12 of 1st period - Shot by Kris Letang.
6:12 of 1st period - Shot Misses the Net.
6:14 of 1st period - Shot by Matt Moulson.
6:14 of 1st period - Shot Misses the Net.
6:29 of 1st period - Ryan Suter is hit by Gabriel Bourque and loses puck.
6:52 of 1st period - Off-side.
6:53 of 1st period - Kyle Brodziak wins face-off versus Blake Wheeler in neutral zone.
6:53 of 1st period - Kyle Brodziak is hit by James Neal.
7:20 of 1st period - Shot by Brian Lee.
7:20 of 1st period - Shot Misses the Net.
7:22 of 1st period - Shot by John Madden.
7:22 of 1st period - Shot Blocked by Roman Josi.
7:24 of 1st period - Shot by Philip Larsen.
7:24 of 1st period - Goal by Philip Larsen - Penguins : 0 - Flyers : 1.
7:25 of 1st period - Ryan Callahan wins face-off versus Kyle Brodziak in neutral zone.
8:34 of 1st period - Shot by Jason Pominville.
8:34 of 1st period - Shot Blocked by Chris Pronger.
8:36 of 1st period - Shot by Dan Girardi.
8:36 of 1st period - Stopped by Al Montoya with a rebound.
8:40 of 1st period - Shot by Joe Pavelski.
8:40 of 1st period - Deflect By Jason Pominville.
8:40 of 1st period - Stopped by Al Montoya with a rebound.
8:42 of 1st period - Shot by Jason Pominville.
8:42 of 1st period - Shot Misses the Net.
9:10 of 1st period - Alexander Edler is hit by Kyle Brodziak and loses puck.
9:50 of 1st period - Icing by Chris Pronger.
9:51 of 1st period - Ryan Callahan wins face-off versus Marc-Andre Bergeron in Flyers zone.
10:22 of 1st period - Shot by James Neal.
10:22 of 1st period - Goal by James Neal - Penguins : 1 - Flyers : 1.
10:23 of 1st period - David Steckel wins face-off versus Joe Pavelski in neutral zone.
10:28 of 1st period - Shot by Gabriel Bourque.
10:28 of 1st period - Shot Misses the Net.
10:30 of 1st period - Shot by Kyle Okposo.
10:30 of 1st period - Shot Misses the Net.
10:42 of 1st period - Shot by Kyle Okposo.
10:42 of 1st period - Stopped by Marc-Andre Fleury without a rebound.
10:43 of 1st period - John Madden wins face-off versus Cory Emmerton in Penguins zone.
11:08 of 1st period - Off-side.
11:09 of 1st period - Ryan Callahan wins face-off versus David Steckel in neutral zone.
11:24 of 1st period - Shot by Gabriel Bourque.
11:24 of 1st period - Stopped by Marc-Andre Fleury with a rebound.
11:26 of 1st period - Shot by Kevin Bieksa.
11:26 of 1st period - Shot Blocked by Dan Girardi.
11:34 of 1st period - Shot by David Steckel.
11:34 of 1st period - Stopped by Marc-Andre Fleury without a rebound.
11:35 of 1st period - John Madden wins face-off versus Joe Pavelski in Penguins zone.
11:47 of 1st period - Icing by Brooks Orpik.
11:48 of 1st period - Matt Moulson wins face-off versus David Steckel in Penguins zone.
11:53 of 1st period - Luke Schenn is hit by Jason Pominville and loses puck.
13:58 of 1st period - Philip Larsen is hit by Kris Newbury and loses puck.
14:41 of 1st period - Shot by Kyle Brodziak.
14:41 of 1st period - Stopped by Marc-Andre Fleury without a rebound.
14:42 of 1st period - Kyle Brodziak wins face-off versus Matt Moulson in Penguins zone.
15:22 of 1st period - Shot by Joe Pavelski.
15:22 of 1st period - Stopped by Al Montoya without a rebound.
15:23 of 1st period - Ryan Callahan wins face-off versus David Steckel in Flyers zone.
15:27 of 1st period - Ryan Callahan is hit by Luke Schenn.
15:36 of 1st period - James Neal is hit by Kevin Bieksa and loses puck.
15:55 of 1st period - Shot by James Neal.
15:55 of 1st period - Stopped by Al Montoya without a rebound.
15:56 of 1st period - Cory Emmerton wins face-off versus John Madden in Flyers zone.
15:56 of 1st period - Cory Emmerton is hit by Andreas Lilja.
15:57 of 1st period - Minor Penalty to Ryan Ellis for High sticking.
15:58 of 1st period - Kyle Brodziak wins face-off versus Joe Pavelski in Flyers zone.
15:58 of 1st period - Kyle Brodziak is hit by Jason Pominville.
16:32 of 1st period - Shot by Matt Moulson.
16:32 of 1st period - Shot Misses the Net.
17:04 of 1st period - Kris Letang is hit by Gabriel Bourque and loses puck.
17:31 of 1st period - Shot by Justin Williams.
17:31 of 1st period - Stopped by Marc-Andre Fleury without a rebound.
17:32 of 1st period - Kyle Brodziak wins face-off versus Jason Pominville in Penguins zone.
17:52 of 1st period - Justin Williams is hit by Ryan Callahan and loses puck.
18:09 of 1st period - Shot by Niklas Hagman.
18:09 of 1st period - Shot Misses the Net.
18:11 of 1st period - Shot by Philip Larsen.
18:11 of 1st period - Stopped by Marc-Andre Fleury with a rebound.
18:13 of 1st period - Shot by Brian Lee.
18:13 of 1st period - Shot Blocked by Alexander Edler.
18:27 of 1st period - Shot by Niklas Hagman.
18:27 of 1st period - Goal by Niklas Hagman - Penguins : 1 - Flyers : 2.
18:28 of 1st period - David Steckel wins face-off versus Ryan Callahan in neutral zone.
19:12 of 1st period - Icing by Kevin Bieksa.
19:13 of 1st period - Joe Pavelski wins face-off versus David Steckel in Flyers zone.
19:43 of 1st period - Icing by Justin Williams.
19:44 of 1st period - Kyle Brodziak wins face-off versus Cory Emmerton in Flyers zone.
19:59 of 1st period - Shot by Marc-Andre Bergeron.
19:59 of 1st period - Stopped by Marc-Andre Fleury without a rebound.

2nd period


0:01 of 2nd period - Kyle Brodziak wins face-off versus Nick Johnson in neutral zone.
0:06 of 2nd period - Dan Girardi is hit by Kyle Brodziak and loses puck.
0:27 of 2nd period - Icing by Ladislav Smid.
0:28 of 2nd period - Joe Pavelski wins face-off versus Kyle Brodziak in Flyers zone.
0:31 of 2nd period - Shot by Jason Pominville.
0:31 of 2nd period - Stopped by Al Montoya without a rebound.
0:32 of 2nd period - David Steckel wins face-off versus Matt Moulson in Flyers zone.
0:32 of 2nd period - David Steckel is hit by Jason Pominville.
0:38 of 2nd period - Joe Pavelski is hit by David Steckel and loses puck.
1:00 of 2nd period - Icing by Kevin Bieksa.
1:01 of 2nd period - David Steckel wins face-off versus Ryan Callahan in Flyers zone.
1:13 of 2nd period - Shot by Gabriel Bourque.
1:13 of 2nd period - Shot Misses the Net.
1:14 of 2nd period - Minor Penalty to Dan Girardi for Holding.
1:15 of 2nd period - Kyle Brodziak wins face-off versus James Neal in Penguins zone.
1:20 of 2nd period - Shot by Justin Williams.
1:20 of 2nd period - Stopped by Marc-Andre Fleury with a rebound.
1:53 of 2nd period - Shot by Marc-Andre Bergeron.
1:53 of 2nd period - Stopped by Marc-Andre Fleury without a rebound.
1:54 of 2nd period - David Steckel wins face-off versus James Neal in Penguins zone.
3:38 of 2nd period - Shot by Nikolai Kulemin.
3:38 of 2nd period - Shot Misses the Net.
4:04 of 2nd period - Shot by Kyle Okposo.
4:04 of 2nd period - Deflect By Gabriel Bourque.
4:04 of 2nd period - Stopped by Marc-Andre Fleury without a rebound.
4:05 of 2nd period - Marc-Andre Bergeron wins face-off versus Ryan Callahan in Penguins zone.
4:16 of 2nd period - Shot by Kyle Brodziak.
4:16 of 2nd period - Stopped by Marc-Andre Fleury without a rebound.
4:17 of 2nd period - David Steckel wins face-off versus Alexander Steen in Penguins zone.
4:20 of 2nd period - Shot by Kyle Okposo.
4:20 of 2nd period - Shot Misses the Net.
4:51 of 2nd period - Minor Penalty to Ladislav Smid for Roughing.
4:52 of 2nd period - Kyle Brodziak wins face-off versus Joe Pavelski in Flyers zone.
5:53 of 2nd period - Icing by Ryan Callahan.
5:54 of 2nd period - Ryan Callahan wins face-off versus Kyle Brodziak in Penguins zone.
6:09 of 2nd period - Shot by Dan Girardi.
6:09 of 2nd period - Shot Misses the Net.
6:18 of 2nd period - Icing by Kris Letang.
6:19 of 2nd period - Kyle Okposo wins face-off versus Blake Wheeler in Penguins zone.
6:23 of 2nd period - Icing by Kris Letang.
6:24 of 2nd period - Kyle Brodziak wins face-off versus Blake Wheeler in Penguins zone.
6:51 of 2nd period - Shot by James Neal.
6:51 of 2nd period - Shot Misses the Net.
7:35 of 2nd period - Icing by Matt Moulson.
7:36 of 2nd period - Joe Pavelski wins face-off versus John Madden in Penguins zone.
8:19 of 2nd period - Shot by James Neal.
8:19 of 2nd period - Shot Blocked by Andreas Lilja.
8:27 of 2nd period - Shot by Dan Girardi.
8:27 of 2nd period - Stopped by Al Montoya without a rebound.
8:28 of 2nd period - Kyle Brodziak wins face-off versus Cory Emmerton in Flyers zone.
8:28 of 2nd period - Kyle Brodziak is hit by Blake Wheeler.
9:27 of 2nd period - Kevin Bieksa is hit by Alexander Edler and loses puck.
9:32 of 2nd period - Shot by Kyle Okposo.
9:32 of 2nd period - Shot Misses the Net.
9:35 of 2nd period - David Steckel is hit by Alexander Edler and loses puck.
9:38 of 2nd period - Shot by David Steckel.
9:38 of 2nd period - Deflect By Gabriel Bourque.
9:38 of 2nd period - Shot Misses the Net.
9:41 of 2nd period - David Steckel is hit by Alexander Edler.
10:29 of 2nd period - Brian Lee is hit by Kris Letang and loses puck.
10:32 of 2nd period - Shot by Niklas Hagman.
10:32 of 2nd period - Shot Misses the Net.
10:34 of 2nd period - Shot by John Madden.
10:34 of 2nd period - Shot Misses the Net.
10:45 of 2nd period - Icing by Dan Girardi.
10:46 of 2nd period - Nick Johnson wins face-off versus Kyle Brodziak in Penguins zone.
10:46 of 2nd period - Kris Letang is hit by Marc-Andre Bergeron and loses puck.
10:55 of 2nd period - Shot by Justin Williams.
10:55 of 2nd period - Stopped by Marc-Andre Fleury without a rebound.
10:56 of 2nd period - Kyle Brodziak wins face-off versus Joe Pavelski in Penguins zone.
11:23 of 2nd period - Shot by Joe Pavelski.
11:23 of 2nd period - Stopped by Al Montoya with a rebound.
11:35 of 2nd period - Shot by Joe Pavelski.
11:35 of 2nd period - Shot Misses the Net.
11:37 of 2nd period - Shot by Jason Pominville.
11:37 of 2nd period - Stopped by Al Montoya without a rebound.
11:38 of 2nd period - Ryan Callahan wins face-off versus David Steckel in Flyers zone.
11:38 of 2nd period - Alexander Steen is hit by Kevin Bieksa and loses puck.
11:54 of 2nd period - Icing by Kevin Bieksa.
11:55 of 2nd period - David Steckel wins face-off versus Ryan Callahan in Flyers zone.
12:02 of 2nd period - Alexander Edler is hit by David Steckel and loses puck.
12:50 of 2nd period - Shot by Justin Williams.
12:50 of 2nd period - Stopped by Marc-Andre Fleury without a rebound.
12:51 of 2nd period - Joe Pavelski wins face-off versus John Madden in Penguins zone.
12:51 of 2nd period - Kris Letang is hit by Nikolai Kulemin and loses puck.
13:07 of 2nd period - John Madden is hit by Dan Girardi and loses puck.
13:20 of 2nd period - Shot by Niklas Hagman.
13:20 of 2nd period - Stopped by Marc-Andre Fleury without a rebound.
13:21 of 2nd period - Cory Emmerton wins face-off versus Kyle Brodziak in Penguins zone.
13:46 of 2nd period - Shot by Kyle Brodziak.
13:46 of 2nd period - Stopped by Marc-Andre Fleury without a rebound.
13:47 of 2nd period - Joe Pavelski wins face-off versus David Steckel in Penguins zone.
13:57 of 2nd period - Icing by Kevin Bieksa.
13:58 of 2nd period - David Steckel wins face-off versus Ryan Callahan in Flyers zone.
14:08 of 2nd period - Kris Letang is hit by Kevin Bieksa and loses puck.
14:29 of 2nd period - David Steckel is hit by Ryan Callahan and loses puck.
14:59 of 2nd period - Chris Pronger is hit by Brooks Orpik.
15:07 of 2nd period - Shot by Marc-Andre Bergeron.
15:07 of 2nd period - Shot Blocked by Brooks Orpik.
15:15 of 2nd period - Shot by Marc-Andre Bergeron.
15:15 of 2nd period - Stopped by Marc-Andre Fleury with a rebound.
15:29 of 2nd period - Shot by Matt Moulson.
15:29 of 2nd period - Shot Misses the Net.
16:01 of 2nd period - Roman Josi is hit by John Madden and loses puck.
18:01 of 2nd period - Shot by Justin Williams.
18:01 of 2nd period - Stopped by Marc-Andre Fleury without a rebound.
18:02 of 2nd period - Cory Emmerton wins face-off versus Marc-Andre Bergeron in Penguins zone.
18:02 of 2nd period - Cory Emmerton is hit by Dustin Penner.
18:15 of 2nd period - Icing by Alexander Edler.
18:16 of 2nd period - Cory Emmerton wins face-off versus Kyle Brodziak in Penguins zone.
18:22 of 2nd period - Shot by Cory Emmerton.
18:22 of 2nd period - Shot Misses the Net.
18:24 of 2nd period - Shot by Alexander Edler.
18:24 of 2nd period - Shot Misses the Net.
18:30 of 2nd period - Shot by Alexander Edler.
18:30 of 2nd period - Stopped by Al Montoya without a rebound.
18:31 of 2nd period - Ryan Callahan wins face-off versus John Madden in Flyers zone.
18:31 of 2nd period - Ryan Callahan is hit by Ryan Ellis.
18:39 of 2nd period - Shot by James Neal.
18:39 of 2nd period - Shot Misses the Net.
18:44 of 2nd period - Andreas Lilja is hit by Ryan Callahan and loses puck.
19:10 of 2nd period - John Madden is hit by Kris Letang and loses puck.
19:28 of 2nd period - Icing by Chris Pronger.
19:29 of 2nd period - Kyle Brodziak wins face-off versus Joe Pavelski in Flyers zone.
19:34 of 2nd period - Brooks Orpik is hit by Justin Williams and loses puck.
19:57 of 2nd period - Shot by Matt Moulson.
19:57 of 2nd period - Stopped by Al Montoya without a rebound.
19:58 of 2nd period - David Steckel wins face-off versus Cory Emmerton in Flyers zone.

3rd period


0:01 of 3rd period - Kyle Brodziak wins face-off versus Ryan Callahan in neutral zone.
0:10 of 3rd period - Shot by Kyle Brodziak.
0:10 of 3rd period - Stopped by Marc-Andre Fleury without a rebound.
0:11 of 3rd period - David Steckel wins face-off versus Joe Pavelski in Penguins zone.
0:20 of 3rd period - Shot by Jason Pominville.
0:20 of 3rd period - Shot Misses the Net.
1:34 of 3rd period - Shot by Justin Williams.
1:34 of 3rd period - Stopped by Marc-Andre Fleury without a rebound.
1:35 of 3rd period - Cory Emmerton wins face-off versus John Madden in Penguins zone.
2:14 of 3rd period - Shot by Alexander Edler.
2:14 of 3rd period - Shot Blocked by Brian Lee.
2:35 of 3rd period - Brooks Orpik is hit by Kevin Bieksa and loses puck.
2:59 of 3rd period - Kyle Okposo is hit by Brooks Orpik and loses puck.
3:05 of 3rd period - Minor Penalty to Brooks Orpik for Roughing.
3:06 of 3rd period - Kyle Brodziak wins face-off versus James Neal in Penguins zone.
3:09 of 3rd period - Shot by Chris Pronger.
3:09 of 3rd period - Shot Misses the Net.
3:11 of 3rd period - Shot by Chris Pronger.
3:11 of 3rd period - Stopped by Marc-Andre Fleury without a rebound.
3:12 of 3rd period - Kyle Brodziak wins face-off versus James Neal in Penguins zone.
3:28 of 3rd period - Icing by Marc-Andre Bergeron.
3:29 of 3rd period - James Neal wins face-off versus Kyle Brodziak in Flyers zone.
4:15 of 3rd period - Shot by Kyle Okposo.
4:15 of 3rd period - Stopped by Marc-Andre Fleury with a rebound.
4:17 of 3rd period - Shot by Kyle Okposo.
4:17 of 3rd period - Shot Blocked by James Neal.
4:19 of 3rd period - Shot by Brian Lee.
4:19 of 3rd period - Stopped by Marc-Andre Fleury with a rebound.
4:21 of 3rd period - Shot by Luke Schenn.
4:21 of 3rd period - Shot Misses the Net.
4:23 of 3rd period - Shot by David Steckel.
4:23 of 3rd period - Shot Misses the Net.
4:25 of 3rd period - Shot by Kyle Okposo.
4:25 of 3rd period - Shot Misses the Net.
4:27 of 3rd period - Shot by David Steckel.
4:27 of 3rd period - Stopped by Marc-Andre Fleury without a rebound.
4:28 of 3rd period - Alexander Steen wins face-off versus David Steckel in Penguins zone.
5:08 of 3rd period - Minor Penalty to Alexander Edler for Charging.
5:09 of 3rd period - James Neal wins face-off versus Kyle Brodziak in Penguins zone.
5:18 of 3rd period - James Neal is hit by Justin Williams.
6:42 of 3rd period - Shot by Ladislav Smid.
6:42 of 3rd period - Stopped by Marc-Andre Fleury with a rebound.
6:44 of 3rd period - Shot by Kyle Brodziak.
6:44 of 3rd period - Stopped by Marc-Andre Fleury with a rebound.
7:36 of 3rd period - Icing by Alexander Edler.
7:37 of 3rd period - Cory Emmerton wins face-off versus David Steckel in Penguins zone.
8:01 of 3rd period - Alexander Edler is hit by David Steckel and loses puck.
8:32 of 3rd period - Icing by Ryan Callahan.
8:33 of 3rd period - Ryan Callahan wins face-off versus Marc-Andre Bergeron in Penguins zone.
9:09 of 3rd period - Kris Letang is hit by Dustin Penner and loses puck.
9:27 of 3rd period - Icing by Dan Girardi.
9:28 of 3rd period - John Madden wins face-off versus Alexander Steen in Penguins zone.
9:42 of 3rd period - Icing by Dan Girardi.
9:43 of 3rd period - Ryan Callahan wins face-off versus John Madden in Penguins zone.
10:10 of 3rd period - Shot by Matt Moulson.
10:10 of 3rd period - Shot Misses the Net.
10:18 of 3rd period - Shot by Jason Pominville.
10:18 of 3rd period - Shot Misses the Net.
10:38 of 3rd period - Shot by Joe Pavelski.
10:38 of 3rd period - Stopped by Al Montoya with a rebound.
10:54 of 3rd period - Niklas Hagman is hit by Kris Newbury and loses puck.
12:18 of 3rd period - Off-side.
12:19 of 3rd period - Kyle Brodziak wins face-off versus Jason Pominville in neutral zone.
12:31 of 3rd period - Marc-Andre Bergeron is hit by Brooks Orpik and loses puck.
13:11 of 3rd period - Icing by Brooks Orpik.
13:12 of 3rd period - Joe Pavelski wins face-off versus Kyle Okposo in Penguins zone.
13:37 of 3rd period - Shot by James Neal.
13:37 of 3rd period - Stopped by Al Montoya with a rebound.
13:39 of 3rd period - Shot by Ryan Callahan.
13:39 of 3rd period - Shot Blocked by Kevin Bieksa.
13:41 of 3rd period - Shot by Kris Letang.
13:41 of 3rd period - Shot Blocked by Kevin Bieksa.
13:43 of 3rd period - Shot by Kris Letang.
13:43 of 3rd period - Shot Misses the Net.
14:14 of 3rd period - Icing by Marc-Andre Bergeron.
14:15 of 3rd period - Dustin Penner wins face-off versus Cory Emmerton in Flyers zone.
14:15 of 3rd period - Dustin Penner is hit by Kris Newbury.
14:40 of 3rd period - Minor Penalty to Kris Newbury for Roughing.
14:41 of 3rd period - David Steckel wins face-off versus James Neal in Penguins zone.
14:42 of 3rd period - Shot by Chris Pronger.
14:42 of 3rd period - Stopped by Marc-Andre Fleury without a rebound.
14:43 of 3rd period - David Steckel wins face-off versus James Neal in Penguins zone.
15:40 of 3rd period - Ryan Suter is hit by Kyle Brodziak and loses puck.
16:07 of 3rd period - Drew Stafford is hit by Kyle Brodziak and loses puck.
16:19 of 3rd period - Off-side.
16:20 of 3rd period - David Steckel wins face-off versus James Neal in neutral zone.
16:31 of 3rd period - Shot by Chris Pronger.
16:31 of 3rd period - Shot Blocked by Kris Letang.
16:33 of 3rd period - Shot by Ladislav Smid.
16:33 of 3rd period - Stopped by Marc-Andre Fleury with a rebound.
17:01 of 3rd period - Shot by Blake Wheeler.
17:01 of 3rd period - Stopped by Al Montoya without a rebound.
17:02 of 3rd period - David Steckel wins face-off versus Ryan Callahan in Flyers zone.
17:06 of 3rd period - Kyle Okposo is hit by Brooks Orpik and loses puck.
17:31 of 3rd period - Shot by Kyle Okposo.
17:31 of 3rd period - Stopped by Marc-Andre Fleury without a rebound.
17:32 of 3rd period - Kyle Brodziak wins face-off versus Cory Emmerton in Penguins zone.
17:53 of 3rd period - Shot by Blake Wheeler.
17:53 of 3rd period - Stopped by Al Montoya without a rebound.
17:54 of 3rd period - James Neal wins face-off versus John Madden in Flyers zone.
18:36 of 3rd period - Icing by Kevin Bieksa.
18:37 of 3rd period - John Madden wins face-off versus Jason Pominville in Flyers zone.
18:37 of 3rd period - John Madden is hit by Jason Pominville.
18:38 of 3rd period - Minor Penalty to Dan Girardi for High sticking.
18:39 of 3rd period - Kyle Brodziak wins face-off versus James Neal in Penguins zone.
19:36 of 3rd period - Icing by Chris Pronger.
19:37 of 3rd period - James Neal wins face-off versus Kyle Brodziak in Flyers zone.


Output by the SimonT Hockey Simulator (STHS) for Stephane Roy -- Original Page W3C XHTML 1.0 Valid
Hockey Simulator - Hockey Simulation - Hockey Manager